 Dungeon Crawl Stone Soup version 0.20-a0-577-g60d8699 (webtiles) character file.

23 AlphabetPasta the Stinger (level 2, -2/19 HPs)
             Began as a Barachian Venom Mage on Feb 6, 2017.
             Slain by Terence
             ... wielding a +0 trident
              (9 damage)
             ... on level 1 of the Dungeon.
             The game lasted 00:07:01 (1159 turns).

AlphabetPasta the Stinger (Barachian Venom Mage)    Turns: 1159, Time: 00:07:02

Health: -2/19      AC:  2    Str:  6    XL:     2   Next: 95%
Magic:  1/5        EV: 12    Int: 13    God:
Gold:   76         SH:  0    Dex: 11    Spells: 2/5 levels left

rFire    . . .     SeeInvis .   e - +0 short sword
rCold    . . .     Gourm    .   a - +0 robe
rNeg     . . .     Faith    .   (no shield)
rPois    .         Spirit   .   (no helmet)
rElec    .         Reflect  .   (no cloak)
rCorr    .         Harm     .   (no gloves)
MR       .....                  (no boots)
Stlth    ++........             (no amulet)
Regen    0.1/turn               (no ring)
                                (no ring)

@: can't hop, slow
A: swims, slowness 1, strong legs 1
a: Hop


You were on level 1 of the Dungeon.
You were not hungry.

You visited 1 branch of the dungeon, and saw 2 of its levels.

You collected 76 gold pieces.

Inventory:

Hand Weapons
 e - a +0 short sword (weapon)
Armour
 a - a +0 robe (worn)
 i - a +0 buckler
Jewellery
 h - a +3 ring of protection {unknown}
Potions
 f - a potion of might
Books
 b - a Young Poisoner's Handbook

   Spells                             Type                      Level
   a - Sting                          Conjuration/Poison           1
   b - Poisonous Vapours              Poison/Air                   2
   c - Mephitic Cloud                 Conjuration/Poison/Air       3
   d - Olgreb's Toxic Radiance        Poison                       4
   e - Venom Bolt                     Conjuration/Poison           5
Comestibles
 c - a bread ration


   Skills:
 - Level 2.0 Dodging
 - Level 2.0 Stealth
 + Level 0.2 Shields
 + Level 2.2 Spellcasting
 + Level 1.6 Conjurations
 * Level 3.5 Poison Magic


You had 2 spell levels left.
You knew the following spells:

 Your Spells              Type           Power        Failure   Level  Hunger
a - Sting                 Conj/Pois      #...         10%         1    ##.....
b - Poisonous Vapours     Pois/Air       #.....       21%         2    ###....


Dungeon Overview and Level Annotations

Branches:
Dungeon (2/15)

Altars:

Annotations:
D:1 Terence


Innate Abilities, Weirdness & Mutations

You can swim through water.
You cover ground slowly.
You can hop short distances.


Message History

Your surroundings seem slightly different.
Terence says, "Don't bother to defend, it's pointless."
You see here a stone.
Your magical contamination has completely faded away.
The goblin shoots a stone.
The stone hits you.
You see here a stone.
The goblin shoots a stone.
The stone hits you.
* * * LOW HITPOINT WARNING * * *
You see here a stone.
You feel much better.
Terence hits you from afar with a trident!
Casting: Sting
Confirm with . or Enter, or press ? or * to list all spells.
Aiming: Poisonous Vapours
Press: ? - help, Dir - move target cursor, f - Terence
Aim: Terence, wielding a trident and wearing a runed scale mail (moderately wounded) Poisonous vapours surround Terence!
Terence is engulfed in poison gas.
Terence is poisoned.
Terence hits you from afar with a trident!
You die...

##.##.#.##.##.# #..#######.
#..........##.# #..........
#.###@#.#.###.# #.....[.÷.. #.#
#.##g.##.## ########.## #.#
#.###...## ##########..♣# #.#
#.###.### #..........≈≈≈ #.#
#...#.####### #.#######.≈≈≈≈
#.###..........(####.# #..≈≈≈≈
#.#......(...g@(@....# ####..♣≈≈≈
#.#.......#####.###..###.....PP≈≈
#..........(.............♣..(≈≈≈≈
#..##...##.####.###..###♣≈...≈≈≈≈
#..##...##.# #.##.#.##♣♣≈≈..≈≈P≈
#...#...##.# #.#)###(#♣P≈≈..≈≈≈≈
#...#...##.# #.#(.#.#♣♣≈≈...≈≈≈≈
#.#.#...##.####.#.#...♣♣≈P≈...≈≈≈
#......(.)......#.####♣♣♣≈≈...≈≈P


You could see Terence and a goblin.

Vanquished Creatures
  2 dart slugs (D:1)
  A giant cockroach (D:1)
  4 hobgoblins (D:1)
  6 kobolds
  A bat (D:1)
  2 frilled lizards (D:1)
  2 goblins (D:1)
18 creatures vanquished.

Notes
Turn   | Place    | Note
-------+----------+-------------------------------------------
     0 | D:1      | AlphabetPasta the Barachian Venom Mage began the quest for the Orb.
     0 | D:1      | Reached XP level 1. HP: 13/13 MP: 3/3
   285 | D:1      | Reached XP level 2. HP: 19/19 MP: 0/5
   349 | D:1      | Learned a level 2 spell: Poisonous Vapours
  1116 | D:2      | Noticed Terence
  1159 | D:1      | Slain by Terence

Vault maps used:
D:1:      minmay_arrival_stone_box, serial_bayou_ford_a, minmay_tall_x
D:2:      nicolae_ru_sacrificial_ziggurat, uniq_terence, uniq_natasha,
          uniq_robin

Action                   || total
-------------------------++-------
Melee: Short sword       ||    14
 Cast: Sting             ||    22
       Poisonous Vapours ||    10
 Abil: Hop               ||     1
  Use: Scroll            ||     4
       Potion            ||     1
  Eat: Chunk             ||     2
Armor: Robe              ||     2
Dodge: Dodged            ||    16
